 Dungeon Crawl Stone Soup version 0.20-a0-809-gaf7f668 (webtiles) character file.

248 Gorglomux the Shield-Bearer (level 6, -1/38 HPs)
             Began as an Octopode Transmuter on Mar 2, 2017.
             Slain by an ogre
             ... wielding a +0 giant club
              (13 damage)
             ... on level 4 of the Dungeon.
             The game lasted 00:11:21 (4614 turns).

Gorglomux the Shield-Bearer (Octopode Transmuter)   Turns: 4614, Time: 00:11:22

Health: -1/38      AC:  1    Str:  9    XL:     6   Next: 12%
Magic:  7/8        EV: 13    Int: 18    God:
Gold:   200        SH:  4    Dex: 10    Spells: 3/9 levels left

rFire    + + .     SeeInvis .     - Unarmed
rCold    . . .     Gourm    .   Y - +0 buckler
rNeg     . . .     Faith    .   (helmet restricted)
rPois    .         Spirit   .   (no amulet)
rElec    +         Reflect  .   f - ring of protection from fire
rCorr    .         Harm     .   j - ring of protection from fire
MR       .....                  (no ring)
Stlth    +++.......             (no ring)
Regen    0.2/turn               (no ring)
MPRegen  0.2/turn               (no ring)
                                (no ring)
                                (no ring)

@: no status effects
A: almost no armour, stealthy swim, amphibious, 8 rings, constrict 8, camouflage
1, clumsy 1, low mp 1, electricity resistance, gelatinous body 1, evolution 1,
subdued magic 1
a: no special abilities


You were on level 4 of the Dungeon.
You were very hungry.

You visited 1 branch of the dungeon, and saw 4 of its levels.

You collected 200 gold pieces.

Inventory:

Missiles
 a - 22 arrows
Armour
 i - a +2 large shield
 Y - a +0 buckler (worn)
Jewellery
 f - a ring of protection from fire (left tentacle)
 j - a ring of protection from fire (right tentacle)
Scrolls
 h - a scroll of remove curse
 n - a scroll of noise {unknown}
 o - a scroll of amnesia {unknown}
 r - a scroll of recharging {unknown}
 R - a scroll of identify
 T - 2 scrolls of teleportation {unknown}
 V - a scroll of fog {unknown}
 W - a scroll of enchant armour {unknown}
 X - a scroll of enchant weapon {unknown}
Potions
 k - 5 potions of curing
 m - 2 potions of heal wounds
 s - 2 potions of haste
 S - a potion of ambrosia
Books
 b - a book of Changes

   Spells                             Type                      Level
   a - Beastly Appendage              Transmutation                1
   b - Sticks to Snakes               Transmutation                2
   c - Spider Form                    Transmutation/Poison         3
   d - Ice Form                       Ice/Transmutation            4
   e - Blade Hands                    Transmutation                5
Comestibles
 c - 2 bread rations
 l - 3 meat rations
 p - 6 fruits
 Z - a royal jelly


   Skills:
 - Level 1.0 Fighting
 - Level 2.0 Dodging
 - Level 2.0 Stealth
 + Level 4.1 Shields
 - Level 4.0 Unarmed Combat
 - Level 2.0 Spellcasting
 - Level 3.0 Transmutations


You had 3 spell levels left.
You knew the following spells:

 Your Spells              Type           Power        Failure   Level  Hunger
a - Beastly Appendage     Tmut           #.....       4%          1    #......
b - Sticks to Snakes      Tmut           #.......     8%          2    ###....
c - Spider Form           Tmut/Pois      #.........   26%         3    ###....


Dungeon Overview and Level Annotations

Branches:
Dungeon (4/15)
 Temple: D:4-7

Altars:
Makhleb

Annotations:
D:4 Gorglomux's ghost, amateur OpTm


Innate Abilities, Weirdness & Mutations

You cannot wear most types of armour.
You are very stealthy in the water. (Stealth+)
You are amphibious.
You can wear up to eight rings at the same time.
You can use your tentacles to constrict eight enemies at once.
Your skin changes colour to match your surroundings (Stealth+).
Your rubbery body absorbs attacks. (AC +1, EV +1)
You are clumsy. (Dex -2)
Your magical capacity is low. (-10% MP)
You are resistant to electric shocks. (rElec)
You evolve.
Your spells are a little easier to cast, but a little less powerful.


Message History

The ogre hits your ball python with a giant club!
Your ball python dies!
There is a stone staircase leading up, spattered with blood here.
There is a stone staircase leading up, spattered with blood here.
There is a stone staircase leading up, spattered with blood here.
There is a stone staircase leading up, spattered with blood here.
There is a stone staircase leading up, spattered with blood here.
Casting: Sticks to Snakes
Confirm with . or Enter, or press ? or * to list all spells.
You create a snake!
You now have 22 arrows.
Your ball python bites the ogre.
Your ball python bites the ogre but does no damage.
You tentacle-slap the ogre but do no damage.
The ogre is moderately wounded.
The ogre closely misses you.
Your ball python barely misses the ogre.
You tentacle-slap the ogre.
The ogre is moderately wounded.
Your ball python bites the ogre.
The ogre hits you with a giant club!
You die...

..###..# #...# #..#..######.##..
##.# #.#.## #.......#.....# #.#
#.#..###.<.....#.....#.
#####.####O#<..S..............#.
#..........#..####.##.###.......
#...............##.##.# #.....##
##..........####.##..#.#
#....... ........[...# #.###S#.#
#....... ##..........#
#@O.#.#.#######... #..........#
#..S#...##........ #..........#
#..........#####.. #..........#
#...######## ### #(.........#
#.(.# #..........# #####
############


You could see an ogre and a friendly ball python.

Vanquished Creatures
  A bullfrog skeleton (D:4)
  A worker ant (D:4)
  A hound skeleton (D:4)
  4 adders
  2 oozes
  A worm (D:2)
  3 dart slugs
  7 orcs
  8 bats
  7 giant cockroaches
  6 goblins
  11 hobgoblins
  7 jackals
  7 frilled lizards
  4 kobolds
  A quokka skeleton (D:4)
  12 rats
83 creatures vanquished.

Vanquished Creatures (collateral kills)
  An ogre (D:4)
1 creature vanquished.

Grand Total: 84 creatures vanquished

Notes
Turn   | Place    | Note
-------+----------+-------------------------------------------
     0 | D:1      | Gorglomux the Octopode Transmuter began the quest for the Orb.
     0 | D:1      | Reached XP level 1. HP: 13/13 MP: 3/3
    68 | D:1      | Reached skill level 1 in Stealth
   175 | D:1      | Reached XP level 2. HP: 12/18 MP: 3/5
   775 | D:1      | Reached XP level 3. HP: 21/23 MP: 6/6
  1346 | D:2      | Reached skill level 1 in Shields
  1351 | D:2      | Reached XP level 4. HP: 14/28 MP: 7/7
  1678 | D:2      | Found a burning altar of Makhleb.
  2004 | D:2      | Reached skill level 3 in Transmutations
  2664 | D:4      | Noticed Gorglomux's ghost (amateur OpTm)
  2714 | D:3      | Reached XP level 5. HP: 14/33 MP: 3/8
  3198 | D:3      | Gained mutation: Your magical capacity is low. (-10% MP) [potion of mutation]
  3198 | D:3      | Gained mutation: You are clumsy. (Dex -2) [potion of mutation]
  3198 | D:3      | Gained mutation: Your spells are a little easier to cast, but a little less powerful. [potion of mutation]
  3198 | D:3      | Gained mutation: You are resistant to electric shocks. (rElec) [potion of mutation]
  3530 | D:3      | Gained mutation: You evolve. [mutagenic glow]
  3864 | D:4      | Noticed an ogre
  3883 | D:4      | Reached skill level 3 in Shields
  4136 | D:4      | Noticed an ogre
  4380 | D:3      | Learned a level 2 spell: Sticks to Snakes
  4384 | D:3      | Learned a level 3 spell: Spider Form
  4441 | D:4      | Killed an ogre
  4441 | D:4      | Reached XP level 6. HP: 14/38 MP: 2/8
  4614 | D:4      | Slain by an ogre

Vault maps used:
D:1:      scummos_arrival_simple_crosswalls
D:2:      first_bread, bloody_makhleb
D:3:      corexii_hall_statues_l

Skill      XL: |  1  2  3  4  5 |
---------------+----------------+-----
Stealth        | 1 2 |  2.0
Shields        | 1 2 4 |  4.1
Transmutations | 3 |  3.0
Unarmed Combat | 4 |  4.0
Fighting       | |  1.0
Dodging        | |  2.0
Spellcasting   | |  2.0

Action                   |  1- 3 |  4- 6 || total
-------------------------+-------+-------++-------
Melee: Unarmed           |    80 |   138 ||   218
       Tentacles         |    11 |    26 ||    37
       Constrict         |    23 |    31 ||    54
       Kick              |     4 |     3 ||     7
       Punch             |     1 |     3 ||     4
 Cast: Beastly Appendage |     7 |     2 ||     9
       Sticks to Snakes  |       |     7 ||     7
  Use: Scroll            |       |     6 ||     6
       Potion            |       |     1 ||     1
 Stab: Sleeping          |     4 |     2 ||     6
  Eat: Chunk             |     2 |    10 ||    12
Armor: Skin              |    12 |    11 ||    23
Dodge: Dodged            |    33 |    35 ||    68
Block: Large shield      |    39 |    90 ||   129
